 Dungeon Crawl Stone Soup version 0.31-a0-204-g7da18cac08 (webtiles) character file.

Game seed: 4659357185717671457

123 qw the Skirmisher (level 4, -20/25 HPs)
             Began as a Deep Elf Hunter on June 27, 2023.
             Demolished by an ogre
             ... wielding a +0 giant club
              (22 damage)
             ... on level 4 of the Dungeon.
             The game lasted 00:00:51 (2532 turns).

qw the Skirmisher (Deep Elf Hunter)                 Turns: 2532, Time: 00:00:52

Health: -20/25     AC:  6    Str: 10    XL:     4   Next: 79%
Magic:  6/6        EV: 11    Int: 14    God:
Gold:   192        SH:  0    Dex: 18    Spells: 3/3 levels left

rFire   . . .        Y - +1 shortbow
rCold   + . .        (shield currently unavailable)
rNeg    + . .        i - +0 ring mail
rPois   .            c - +0 helmet
rElec   .            (no cloak)
rCorr   .            (no gloves)
SInv    .            (no boots)
Will    .....        (no amulet)
Stlth   +            j - ring of positive energy
HPRegen 0.24/turn    l - ring of protection from cold
MPRegen 0.10/turn

%: no passive effects
@: no status effects
A: no striking features
a: no special abilities


You were on level 4 of the Dungeon.
You visited 1 branch of the dungeon, and saw 4 of its levels.

You collected 192 gold pieces.


   Skills:
 - Level 1.5 Fighting
 + Level 8.2 Ranged Weapons
 - Level 2.4 Dodging
 - Level 1.2 Stealth


You had 3 spell levels left.
You didn't know any spells.
Your spell library was empty.

Inventory:

Hand Weapons
 Y - a +1 shortbow (weapon)
Armour
 c - a +0 helmet (worn)
 i - a +0 ring mail (worn)
Jewellery
 j - a ring of positive energy (left hand)
 l - a ring of protection from cold (right hand)
Scrolls
 a - a scroll of identify
Potions
 e - a potion of curing
 g - a potion of brilliance {unknown}
 h - a potion of attraction {unknown}
 m - a potion of resistance {unknown}
 n - 2 potions of enlightenment

Dungeon Overview and Level Annotations

Branches:
Dungeon (4/15)
 Temple: D:4-7

Altars:
Ru


Message History

You start putting on your armour.
You continue putting on your +0 helmet. x4
You finish putting on your +0 helmet.
Done exploring.
2506 ||| DRINKING 2 pink potions.
It was a potion of magic.
Magic courses through your body.
Done exploring.
2507 ||| READING 2 scrolls of identify.
As you read the scroll of identify, it crumbles to dust.
e - a potion of curing;
2507 ||| IDENTIFYING emerald potion Done exploring.
2508 ||| DROPPING potion of magic.
You drop a potion of magic.
Done exploring.
(D) Dungeon
Where to? (* - list waypoints, Enter - D:3, ? - help)
What level of the Dungeon? (default 1, ? - help)
There is a stone staircase leading down here.
You climb downwards.
There is a stone staircase leading up here.
Waypoint 3 assigned to D:4.
An ogre comes into view. It is wielding a +0 giant club.
The ogre shouts!
You shoot an arrow. The arrow hits the ogre.
The ogre is lightly wounded.
You shoot an arrow.
The arrow hits the ogre but does no damage.
The ogre is lightly wounded.
You shoot an arrow. The arrow hits the ogre.
The ogre is lightly wounded.
The ogre hits you with a +0 giant club!
Ouch! That really hurt!
You shoot an arrow. The arrow hits the ogre.
The ogre is moderately wounded.
The ogre hits you with a +0 giant club!
You shoot an arrow. The arrow hits the ogre!
The ogre is heavily wounded.
You shoot an arrow. The arrow hits the ogre!
The ogre is almost dead.
The ogre hits you with a +0 giant club!!
Ouch! That really hurt!
You die...

##.##
##...########
#............
#....########
# ##...###.#
.#~#........#
..~.....#####
#.~.....#
#.~.##.@#
####
#..O....#
#.####### #.
#. #. #. ..


You could see an ogre.

Vanquished Creatures
  2 gnolls (D:3)
  3 adders
  3 dart slugs
  An orc (D:3)
  7 ball pythons
  6 bats
  7 endoplasms
  4 giant cockroaches
  5 goblins
  4 hobgoblins
  7 jackals
  4 kobolds (D:1)
  2 quokkas
  4 frilled lizards
  4 rats
63 creatures vanquished.

Notes
Turn   | Place    | Note
-------+----------+-------------------------------------------
     0 | D:1      | qw the Deep Elf Hunter began the quest for the Orb.
     0 | D:1      | Reached XP level 1. HP: 12/12 MP: 3/3
     0 | D:1      | 0 ||| qw: Version: 0.3-a-22-g0ed2b0b
     0 | D:1      | 0 ||| qw: Game counter: 6454
     0 | D:1      | 0 ||| qw: Melee chars always use a shield: true
     0 | D:1      | 0 ||| qw: God list: Okawaru
     0 | D:1      | 0 ||| qw: Allow faded altars: false
     0 | D:1      | 0 ||| qw: Do Orc after clearing Dungeon:15 true
     0 | D:1      | 0 ||| qw: Do second Lair branch before Depths: true
     0 | D:1      | 0 ||| qw: Lair rune preference: random
     0 | D:1      | 0 ||| qw: Goals: Normal
     0 | D:1      | 0 ||| PLANNING D:1-11
    93 | D:1      | Reached XP level 2. HP: 16/16 MP: 4/4
    95 | D:1      | Reached skill level 6 in Ranged Weapons
   412 | D:1      | Found a faded altar of an unknown god.
   474 | D:1      | Reached XP level 3. HP: 11/20 MP: 5/5
   655 | D:1      | 655 ||| UPGRADING to +0 ring mail.
   665 | D:1      | 665 ||| DROPPING +0 leather armour.
   666 | D:1      | 666 ||| UPGRADING to ring of positive energy.
   667 | D:1      | 667 ||| READING scroll labelled INEUCWAMIO.
   670 | D:1      | 670 ||| READING scroll labelled QOALAO RILYOT.
   671 | D:1      | 671 ||| READING scroll labelled AVIOBRI XIUT.
   672 | D:1      | 672 ||| DROPPING scroll of butterflies.
   824 | D:2      | Reached skill level 7 in Ranged Weapons
  1070 | D:2      | Reached XP level 4. HP: 25/25 MP: 6/6
  1393 | D:2      | 1393 ||| UPGRADING to ring of protection from cold.
  1394 | D:2      | 1394 ||| READING scroll labelled XIMINOV GUPE.
  1395 | D:2      | 1395 ||| READING scroll labelled MISYBUMINUB.
  1396 | D:2      | 1396 ||| READING scroll labelled WICOMO RYOR.
  1397 | D:2      | 1397 ||| READING scroll labelled ITWILEADDU.
  1398 | D:2      | 1398 ||| READING scroll labelled XOORAE NIPUR.
  1399 | D:2      | 1399 ||| DRINKING 2 fuming pink potions.
  1488 | D:3      | Found a sacrificial altar of Ru.
  2279 | D:3      | HP: 6/25 [gnoll/+0 flail (3)]
  2280 | D:3      | 2280 ||| READING scroll of teleportation.
  2281 | D:3      | HP: 2/25 [gnoll/+0 club (5)]
  2282 | D:3      | Reached skill level 8 in Ranged Weapons
  2501 | D:3      | 2501 ||| UPGRADING to +0 helmet.
  2506 | D:3      | 2506 ||| DRINKING 2 pink potions.
  2507 | D:3      | 2507 ||| READING 2 scrolls of identify.
  2507 | D:3      | 2507 ||| IDENTIFYING emerald potion
  2508 | D:3      | 2508 ||| DROPPING potion of magic.
  2526 | D:4      | Noticed an ogre
  2530 | D:4      | HP: 2/25 [ogre/+0 giant club (7)]
  2532 | D:4      | Demolished by an ogre

Levels and vault maps discovered:
D:1:      tarquinn_simple_flora_water_d, layout_basic,
          ebering_ecumenical_altar_webs
D:2:      layout_basic, minmay_pentomino_o4
D:3:      layout_loops_corners, nicolae_ru_awakened_eye, minmay_crystal_room,
          kennysheep_small_spiral, small_statue_intersection
D:4:      minmay_octagon_keep, layout_loops_corners, xom_teletrap_fun,
          fedhas_ov_isle_minmay, kennysheep_cluttered_room,
          chequers_serial_rivers_micro_b, minmay_misc_feat_hallway,
          minmay_misc_feat_four_crosses

Skill      XL: |  1  2  3  4 |
---------------+-------------+-----
Ranged Weapons | 6 7 8 |  8.2
Fighting       | |  1.5
Dodging        | |  2.4
Stealth        | |  1.2

Action                     |  1- 3 |  4- 6 || total
---------------------------+-------+-------++-------
   Fire: Shortbow          |   104 |    67 ||   171
    Use: Scroll            |     3 |     7 ||    10
         Potion            |       |     2 ||     2
 Armour: Leather armour    |    11 |       ||    11
         Ring mail         |     4 |     4 ||     8
  Dodge: Dodged            |    26 |    19 ||    45

Table legend:
 A = Non-vault XP
 B = Vault XP
 C = Vault XP percentage of total XP
 D = Non-vault monster count
 E = Vault monster count
 F = Vault count percentage of total count
                 A         B        C        D         E       F
            +---------+---------+-------+---------+---------+-------
      Total |     173 |       3 |   1.7 |      61 |       2 |   3.2
            +---------+---------+-------+---------+---------+-------
        D:1 |      44 |       0 |   0.0 |      25 |       0 |   0.0
        D:2 |      69 |       3 |   4.2 |      24 |       2 |   7.7
        D:3 |      60 |       0 |   0.0 |      12 |       0 |   0.0
            +---------+---------+-------+---------+---------+-------
